 Dungeon Crawl Stone Soup version 0.30.0-5-g1a98f26d00 (webtiles) character file.

Game seed: 1774907722904279612

67819 RepoMan the Unseen (level 14, -4/77 HPs)
             Began as a Spriggan Enchanter on May 11, 2023.
             Was the Champion of Jiyva.
             Killed by the raging water
             ... invoked by a water nymph
              (25 damage)
             ... on level 1 of the Shoals on May 12, 2023.
             The game lasted 02:59:45 (18451 turns).

RepoMan the Unseen (Spriggan Enchanter)            Turns: 18451, Time: 02:59:46

Health: -4/77      AC:  5    Str:  3    XL:     14   Next: 36%
Magic:  18/24      EV: 32    Int: 27    God:    Jiyva [******]
Gold:   346        SH:  7    Dex: 27    Spells: 11/25 levels left

rFire   + + .        e - +2 dagger (elec)
rCold   . . .        U - +0 buckler
rNeg    + + .        A - +1 robe {rF+}
rPois   +            d - +0 hat
rElec   .            P - scarf {repulsion}
rCorr   +            (gloves unavailable)
SInv    +            (boots unavailable)
Will    ++++.        K - amulet of Qanykli {Acrobat Int+2}
Stlth   ++++         B - ring of the Mutiny {Contam rPois rF+ rN++ Int+6}
HPRegen 1.92/turn    J - +6 ring of dexterity
MPRegen 0.69/turn

%: repel missiles, acrobat, resist mutation
@: slow
A: very small, no large weapons, unfitting armour, see invisible, speed 3,
iridescent scales 1, agile 1, strong-willed 2, mutation resistance 3, acidic
bite, MP-powered wands
}: 1/15 runes: slimy
a: Renounce Religion, Oozemancy, Slimify


You were on level 1 of the Shoals.
You worshipped Jiyva.
Jiyva was exalted by your worship.
You visited 7 branches of the dungeon, and saw 31 of its levels.

You collected 1579 gold pieces.
You spent 1233 gold pieces at shops.

Inventory:

Hand Weapons
 e - a +2 dagger of electrocution (weapon)
 h - a +2 dagger of holy wrath
 r - a +0 rapier
 Z - the +6 falchion "Spiderbane" {holy, rPois rCorr}
   (You found it on level 2 of the Snake Pit)

   rPois:     It protects you from poison.
   rCorr:     It protects you from acid and corrosion.
Missiles
 c - 6 curare-tipped darts
Armour
 d - a +0 hat (worn)
 A - a +1 robe of fire resistance (worn)
 P - a scarf of repulsion (worn)
 S - a +0 troll leather armour
 U - a +0 buckler (worn)
Jewellery
 w - a +6 ring of strength
 B - the ring of the Mutiny (left hand) {Contam rPois rF+ rN++ Int+6}
   (You bought it in a shop on level 2 of the Orcish Mines)

   [ring of intelligence]

   Int:       It affects your intelligence (+6).
   rF:        It protects you from fire.
   rPois:     It protects you from poison.
   rN:        It greatly protects you from negative energy.
   Contam:    It causes magical contamination when unequipped.
 J - a +6 ring of dexterity (right hand)
 K - the amulet of Qanykli (around neck) {Acrobat Int+2}
   (You found it on level 10 of the Dungeon)

   [amulet of the acrobat]

   It increases your evasion while moving and waiting.
   Int:       It affects your intelligence (+2).
 T - a ring of positive energy
 X - a ring of willpower
Wands
 g - a wand of digging (7)
 j - a wand of iceblast (9)
 z - a wand of light (4)
 G - a wand of flame (32)
 I - a wand of mindburst (7)
 V - a wand of paralysis (1)
Scrolls
 b - 4 scrolls of blinking
 i - 3 scrolls of immolation
 k - 3 scrolls of fog
 m - 9 scrolls of teleportation
 n - a scroll of enchant armour
 o - a scroll of fear
 s - 5 scrolls of amnesia
 y - a scroll of butterflies {unknown}
 D - a scroll of silence {unknown}
 E - 7 scrolls of enchant weapon {unknown}
 F - a scroll of brand weapon {unknown}
 N - 2 scrolls of magic mapping {unknown}
 O - a scroll of poison {unknown}
 R - 2 scrolls of acquirement {unknown}
Potions
 a - a potion of haste
 f - 2 potions of might
 l - 14 potions of curing
 p - 4 potions of heal wounds
 q - 3 potions of ambrosia
 t - 4 potions of flight
 u - 5 potions of lignification
 v - 5 potions of brilliance
 C - 3 potions of resistance
 L - 2 potions of degeneration {unknown}
 M - 2 potions of mutation {unknown}
 Q - 3 potions of invisibility
 Y - 3 potions of berserk rage {unknown}
Miscellaneous
 x - a box of beasts
 H - a phial of floods
 W - a tin of tremorstones (2/2)


   Skills:
 + Level 10.0 Fighting
 - Level 11.1 Short Blades
 + Level 13.0 Dodging
 + Level 16.2 Stealth
 + Level 4.8 Shields
 + Level 6.0 Spellcasting
 * Level 11.4 Hexes
 - Level 3.3 Transmutations
 - Level 1.1 Earth Magic
 - Level 11.1 Evocations


You had 11 spell levels left.
You knew the following spells:

 Your Spells              Type           Power      Damage    Failure   Level
d - Tukima's Dance        Hex            63%        N/A       1%          3
f - Dazzling Flash        Conj/Hex       78%        N/A       3%          3
p - Passwall              Tmut/Erth      16%        N/A       8%          2
t - Confusing Touch       Hex            63%        N/A       1%          3
w - Slow                  Hex            100%       N/A       1%          1
z - Ensorcelled Hibernat  Hex/Ice        78%        N/A       1%          2

Your spell library contained the following spells:

 Spells                   Type           Power      Damage    Failure   Level
 Sandblast                Erth           28%        2d8       8%          1
 Leda's Liquefaction      Hex/Erth       21%        N/A       10%         4
 Freeze                   Ice            32%        1d5       12%         1
 Fulminant Prism          Conj/Hex       19%        3d10      12%         4
 Yara's Violent Unravell  Hex/Tmut       24%        3d11      17%         5
 Stone Arrow              Conj/Erth      22%        3d8       30%         3
 Summon Mana Viper        Hex/Summ       39%        N/A       32%         5
 Frozen Ramparts          Ice            16%        1d3       36%         3
 Hailstorm                Conj/Ice       8%         3d4       36%         3
 Swiftness                Air            8%         N/A       36%         3
 Vampiric Draining        Necr           8%         2d6       36%         3
 Volatile Blastmotes      Fire/Tloc      16%        2d11      36%         3
 Blade Hands              Tmut           12%        N/A       65%         5
 Animate Armour           Summ/Erth      22%        N/A       69%         4
 Iskenderun's Mystic Bla  Conj/Tloc      8%         2d4       77%         4
 Passage of Golubria      Tloc           8%         N/A       77%         4
 Summon Ice Beast         Ice/Summ       8%         N/A       77%         4
 Irradiate                Conj/Tmut      8%         3d14      87%         5
 Lee's Rapid Deconstruct  Erth           7%         3d6*      91%         5
 Starburst                Conj/Fire      4%         6d3       100%        6
 Statue Form              Tmut/Erth      13%        N/A       100%        6
 Dragon Form              Tmut           12%        N/A       100%        7
 Monstrous Menagerie      Summ           4%         N/A       100%        7
 Discord                  Hex            31%        N/A       100%        8
 Lehudib's Crystal Spear  Conj/Erth      5%         10d3      100%        8
 Necromutation            Tmut/Necr      8%         N/A       100%        8


Dungeon Overview and Level Annotations

Branches:
Dungeon (14/15)            Temple (1/1) D:4            Lair (5/5) D:9
 Shoals (1/4) Lair:2        Snake (3/4) Lair:2        Slime (5/5) Lair:4
    Orc (2/2) D:9             Elf (0/3) Orc:2
 Vaults: D:13-14

Altars:
Ashenzari
Cheibriados
Dithmenos
Fedhas
Gozag
Hepliaklqana
Kikubaaqudgha
Makhleb
Nemelex Xobeh
Okawaru
Qazlal
Ru
Sif Muna
Trog
Uskayaw
Vehumet
Wu Jian
Xom
Yredelemnul
Zin
The Shining One
Jiyva

Shops:
D:4 =   D:10 =   Orc:2 *?*=   Snake:3 !

Annotations:
D:2 exclusion: gnoll
D:5 exclusion: downstairs
D:7 1 runed translucent door, exclusion: downstairs, ciphuk's ghost, novice TrMo
D:8 exclusion: downstairs, Gastronok
D:10 1 runed translucent door
D:11 exclusion: downstairs
D:14 exclusion: hydra
Lair:2 exclusion: hydra
Lair:4 exclusion: hydra
Shoals:1 exclusions: merfolk, merfolk impaler and wind drake
Snake:2 exclusions: guardian serpent and 2 salamanders
Snake:3 Agnes
Slime:5 Royal Jelly


Innate Abilities, Weirdness & Mutations

You are very small and have problems with some larger weapons.
You are too small for most types of armour.
You have supernaturally acute eyesight. (SInv)
You cover ground extremely quickly. (Speed+++)
You are partially covered in iridescent scales. (AC +2)
You are agile. (Dex +4, Str/Int -1)
You are highly strong-willed. (Will++)
You are almost entirely resistant to further mutation and mutation removal.
You have acidic saliva.
You expend magic power (3 MP) to strengthen your wands.


Message History

Confirm with . or Enter, or press ? or * to list all spells.
Aiming: Ensorcelled Hibernation (safe; 1% risk of failure)
Press: ? - help, Shift-Dir - straight line, f/p - harpy
Aim: a harpy (chance to affect: 65%)
The harpy struggles to resist.
The harpy completely misses you. You block the harpy's attack.
Your rockslime hits the manticore!!
The manticore holds its ground!
The manticore dies!
The harpy closely misses you. x2
Your rockslime splashes around in the water.
Casting: Ensorcelled Hibernation (safe; 1% risk of failure)
Confirm with . or Enter, or press ? or * to list all spells.
Aiming: Ensorcelled Hibernation (safe; 1% risk of failure)
Press: ? - help, Shift-Dir - straight line, f/p - harpy
Aim: a harpy (ally target, chance to affect: 65%)
The harpy struggles to resist.
Your rockslime dissolves into a puddle of slime!
The harpy closely misses you. The harpy claws you!
Casting: Ensorcelled Hibernation (safe; 1% risk of failure)
Confirm with . or Enter, or press ? or * to list all spells.
Aiming: Ensorcelled Hibernation (safe; 1% risk of failure)
Press: ? - help, Shift-Dir - straight line, f/p - harpy
Aim: a harpy (chance to affect: 65%)
The harpy looks drowsy...
You hear a distant slurping noise.
The water nymph gestures at you while chanting.
The water swirls and strikes you!!
You shudder from the blast and a jelly pops out!
The helpless harpy fails to defend itself.
You perforate the harpy like a sieve!!!!!
You kill the harpy!
The water nymph points at you and mumbles some strange words.
The water swirls and strikes you!!!
* * * LOW HITPOINT WARNING * * *
You shudder from the blast and a jelly pops out!
Your Spellcasting skill increases to level 6!
You feel much better.
The water nymph points at you and mumbles some strange words.
The water swirls and strikes you!!
You die...

≈≈≈P~P~~~~~..######...
~~~≈≈≈≈≈~~m~P~...P# ##..
~~~~~≈≈~~~~~~.#### #..
~~~~~≈≈≈~~~<.# #.. ~..
..~~~~≈≈~~~..#### #.. ~~~~~~
...~~≈≈≈~).))..# #.. ≈~~~~~
#.~~~≈J~~~..P..######.. ≈~~~~.
#..~~~~~~..##..........
≈~~~~.####.)~~~@~~.####.......≈≈
≈≈≈~~~.......J~~~.## ##......~≈
≈≈≈≈~~.....#....~..# #..##†..~≈
≈≈≈≈~~~..######....####.≈.#...≈≈
≈≈≈~~~~S## ###...##..~.....~≈
≈≈~~~~.~# ###†.#..~~....~.
≈≈~~HH~~~ #..###.≈≈....~.
≈~~~~..Sm~ #..# #.≈≈!...~~
≈~H..##.~~# ##..##.~≈≈......


You could see a water nymph (ally target) and 2 friendly azure jellies.

Vanquished Creatures
  Snorg (D:11)
  An ettin (Orc:1)
  A hydra (D:9)
  2 centaur warriors
  6 anacondas
  2 boulder beetles
  A naga warrior (Snake:1)
  Urug (Lair:3)
  3 orc high priests
  2 naga sharpshooters (Snake:2)
  A skyshark (Shoals:1)
  4 sea snakes (Snake:2)
  Pikel (D:8)
  6 harpies
  2 deep elf pyromancers
  2 mana vipers
  4 manticores
  5 orc knights
  An ugly thing (D:14)
  3 orc sorcerers (Orc:2)
  2 cyclopes (D:13)
  2 fauns (Shoals:1)
  A salamander (Snake:1)
  A merfolk siren (Shoals:1)
  14 black mambas
  11 cane toads
  A gargoyle (D:11)
  An unseen horror (D:12)
  3 rime drakes
  3 komodo dragons
  2 merfolk (Shoals:1)
  4 trolls
  2 meliai (D:14)
  A polar bear (Lair:5)
  Prince Ribbit (D:6)
  A snapping turtle (Shoals:1)
  A hornet (D:8)
  Grinder (D:5)
  3 blink frogs (Lair:2)
  A shadow (D:11)
  A slime creature (Lair:4)
  21 yaks
  4 wyverns
  A wraith (D:11)
  A water elemental (Shoals:1)
  2 basilisks (Lair:1)
  2 steam dragons
  3 vampire mosquitoes (D:11)
  2 wargs (Orc:2)
  14 nagas
  14 water moccasins
  Duvessa (D:6)
  A black bear (D:8)
  16 orc warriors
  A sky beast (D:7)
  2 ice beasts
  6 ogres
  12 centaurs
  Blork the orc (D:6)
  7 bullfrogs
  2 scorpions
  Dowan (D:6)
  4 howler monkeys
  2 jellies
  6 orc priests
  3 hounds
  An iguana (D:6)
  Terence (D:3)
  12 orc wizards
  11 gnolls
  4 adders
  2 shadow imps (D:7)
  An ufetubus (D:7)
  A worm (D:2)
  2 dart slugs
  30 orcs
  2 endoplasms
  A giant cockroach (D:2)
  3 goblins
  3 hobgoblins
  A jackal (D:2)
  5 quokkas
  3 ball pythons
  5 bats
  5 frilled lizards
  5 kobolds
  2 rats (D:1)
335 creatures vanquished.

Vanquished Creatures (collateral kills)
  A naga warrior (Snake:2)
  A sea snake (Shoals:1)
  A harpy (Shoals:1)
  A manticore (Shoals:1)
  A naga mage (Snake:1)
  2 nagas (Snake:1)
7 creatures vanquished.

Vanquished Creatures (others)
  A shadow (D:12)
  A yak (Lair:4)
  A dancing weapon (D:10)
  An orc warrior (Orc:1)
  An ogre (Orc:2)
  3 orc priests (Orc:2)
  28 jellies
  6 orc wizards
  11 orcs
53 creatures vanquished.

Grand Total: 395 creatures vanquished

Notes
Turn   | Place    | Note
-------+----------+-------------------------------------------
     0 | D:1      | RepoMan the Spriggan Enchanter began the quest for the Orb.
     0 | D:1      | Reached XP level 1. HP: 9/9 MP: 5/5
   309 | D:1      | Learned a level 1 spell: Slow
   379 | D:1      | Reached XP level 2. HP: 13/13 MP: 6/6
   383 | D:1      | Learned a level 2 spell: Ensorcelled Hibernation
   632 | D:2      | Reached XP level 3. HP: 16/16 MP: 4/8
  1096 | D:3      | Reached skill level 5 in Stealth
  1261 | D:3      | Noticed Terence
  1266 | D:3      | Killed Terence
  1267 | D:3      | Reached XP level 4. HP: 21/21 MP: 9/9
  1281 | D:3      | Found a blossoming altar of Fedhas.
  1574 | D:4      | Noticed an ogre
  1583 | D:4      | Killed an ogre
  1584 | D:4      | Reached XP level 5. HP: 24/24 MP: 5/10
  1597 | D:4      | Found a sparkling altar of Nemelex Xobeh.
  1638 | D:4      | Learned a level 3 spell: Confusing Touch
  1642 | D:4      | Learned a level 3 spell: Tukima's Dance
  1683 | D:4      | Found Imyalur's Jewellery Shop.
  1699 | D:4      | Found a staircase to the Ecumenical Temple.
  1708 | Temple   | Entered the Ecumenical Temple
  1708 | Temple   | Found a transporter.
  1708 | Temple   | Found a transporter.
  1710 | Temple   | Found a transporter.
  1710 | Temple   | Found a transporter.
  1754 | D:4      | Found a shimmering blue altar of Sif Muna.
  1762 | D:4      | Reached XP level 6. HP: 28/28 MP: 6/11
  1769 | D:4      | Reached skill level 6 in Stealth
  2023 | D:4      | Found a hazy altar of Hepliaklqana.
  2077 | D:5      | Entered Level 5 of the Dungeon
  2302 | D:5      | Reached skill level 5 in Short Blades
  2318 | D:5      | Noticed Grinder
  2344 | D:5      | Paralysed by Grinder for 3 turns
  2351 | D:5      | Killed Grinder
  2352 | D:5      | Reached skill level 5 in Dodging
  2352 | D:5      | Reached skill level 7 in Stealth
  2352 | D:5      | Reached XP level 7. HP: 26/32 MP: 9/12
  2429 | D:5      | Found a glowing silver altar of Zin.
  2430 | D:5      | Found a hide-covered altar of Uskayaw.
  2543 | D:6      | Noticed Blork the orc
  2557 | D:6      | Noticed Dowan
  2721 | D:6      | Noticed a yak
  2721 | D:6      | Noticed a yak
  2748 | D:6      | Noticed a yak
  2749 | D:6      | Noticed a yak
  2756 | D:6      | Killed a yak
  2799 | D:6      | Noticed Prince Ribbit
  2823 | D:6      | Noticed Duvessa
  2913 | D:7      | Noticed a steam dragon
  3019 | D:6      | Reached skill level 1 in Fighting
  3079 | D:6      | Reached XP level 8. HP: 37/37 MP: 13/13
  3095 | D:6      | Reached skill level 8 in Stealth
  3095 | D:6      | Reached skill level 5 in Hexes
  3353 | D:6      | Killed Blork the orc
  3372 | D:6      | Killed Duvessa
  3382 | D:6      | Killed Dowan
  3454 | D:6      | Killed Prince Ribbit
  3455 | D:6      | Reached skill level 9 in Stealth
  3498 | D:7      | Found a sacrificial altar of Ru.
  3614 | D:7      | Noticed a troll
  3635 | D:7      | Killed a troll
  3636 | D:7      | Reached XP level 9. HP: 40/43 MP: 14/14
  3656 | D:7      | Found a runed translucent door.
  3661 | D:7      | Noticed ciphuk's ghost (novice TrMo)
  3860 | D:7      | Reached skill level 1 in Evocations
  4238 | D:8      | Noticed Gastronok
  4482 | D:8      | Reached skill level 10 in Stealth
  4608 | D:8      | Found a flagged portal.
  4895 | D:8      | Noticed Pikel
  5223 | D:8      | Found a broken altar of Ashenzari.
  5599 | D:9      | Noticed a seven-headed hydra
  5650 | D:8      | Killed Pikel
  5651 | D:8      | Reached XP level 10. HP: 49/49 MP: 15/15
  5723 | D:9      | Found a staircase to the Orcish Mines.
  5736 | D:9      | Found a burning altar of Makhleb.
  5781 | D:9      | Killed a seven-headed hydra
  6032 | D:9      | Found a staircase to the Lair.
  6360 | D:10     | Entered Level 10 of the Dungeon
  6384 | D:10     | Reached skill level 11 in Stealth
  6425 | D:10     | Learned a level 3 spell: Dazzling Flash
  6428 | D:10     | Learned a level 2 spell: Passwall
  6566 | D:10     | Identified the amulet of Qanykli {Acrobat Int+2}
  6634 | D:10     | Found Xommeenk's Jewellery Shoppe.
  6654 | D:10     | Found a runed translucent door.
  6657 | D:10     | Found a basalt altar of Yredelemnul.
  6948 | D:11     | Reached skill level 5 in Evocations
  7039 | D:11     | Noticed a manticore
  7048 | D:11     | Noticed a gargoyle
  7090 | D:11     | Found a shimmering blue altar of Sif Muna.
  7411 | D:11     | Noticed a manticore
  7952 | D:12     | Noticed a centaur warrior
  7983 | D:11     | Noticed Snorg
  8004 | D:11     | Killed Snorg
  8005 | D:11     | Reached skill level 10 in Dodging
  8005 | D:11     | Reached skill level 12 in Stealth
  8005 | D:11     | Reached XP level 11. HP: 54/54 MP: 16/16
  8026 | D:11     | Reached skill level 5 in Fighting
  8234 | Lair:1   | Entered Level 1 of the Lair of Beasts
  9165 | Lair:2   | Noticed a harpy
  9165 | Lair:2   | Found a staircase to the Shoals.
  9167 | Lair:2   | Noticed a harpy
  9174 | Lair:1   | Killed a harpy
  9183 | Lair:1   | Killed a harpy
  9348 | Lair:2   | Noticed an eight-headed hydra
  9632 | Lair:2   | Reached skill level 13 in Stealth
  9673 | Lair:2   | Found a staircase to the Snake Pit.
  9969 | Lair:3   | Noticed Urug
 10005 | Lair:3   | Killed Urug
 10078 | Lair:3   | Reached skill level 10 in Short Blades
 10561 | Lair:3   | Noticed a six-headed hydra
 10659 | Lair:4   | Noticed a seven-headed hydra
 10728 | Lair:4   | Reached XP level 12. HP: 62/62 MP: 17/17
 10942 | Lair:4   | Reached skill level 1 in Shields
 10959 | Lair:4   | Noticed an eight-headed hydra
 10988 | Lair:4   | Found a runed translucent door.
 10988 | Lair:4   | Found a viscous altar of Jiyva.
 10988 | Lair:4   | Found a staircase to the Slime Pits.
 10988 | Lair:4   | Noticed an acid blob
 10988 | Lair:4   | Noticed an acid blob
 11024 | Lair:4   | Became a worshipper of Jiyva Japsueg the Shapeless
 11048 | Lair:4   | Noticed an eight-headed hydra
 11105 | Lair:5   | Entered Level 5 of the Lair of Beasts
 11375 | Lair:5   | Reached skill level 1 in Transmutations
 11387 | Lair:5   | Noticed a dire elephant
 11417 | Lair:5   | Noticed a catoblepas
 11480 | Lair:5   | Reached * piety under Jiyva
 11820 | Orc:1    | Entered Level 1 of the Orcish Mines
 11866 | Orc:1    | Noticed an ettin
 11913 | Orc:1    | Reached ** piety under Jiyva
 12115 | Orc:1    | Killed an ettin
 12330 | Orc:2    | Entered Level 2 of the Orcish Mines
 12353 | Orc:2    | Reached skill level 10 in Hexes
 12625 | Orc:1    | Reached skill level 14 in Stealth
 12934 | Orc:2    | Noticed an orc high priest
 12972 | Orc:2    | Reached *** piety under Jiyva
 13097 | Orc:2    | Noticed an orc high priest
 13153 | Orc:1    | Killed an orc high priest
 13191 | Orc:2    | Killed an orc high priest
 13276 | Orc:2    | Noticed an orc high priest
 13277 | Orc:2    | Gained mutation: You are agile. (Dex +4, Str/Int -1)
                  | [Jiyva's grace]
 13277 | Orc:2    | Gained mutation: You are very agile. (Dex +8, Str/Int -2)
                  | [Jiyva's grace]
 13277 | Orc:2    | Gained mutation: You are partially covered in iridescent
                  | scales. (AC +2) [Jiyva's grace]
 13277 | Orc:2    | Gained mutation: You are mostly covered in iridescent
                  | scales. (AC +4) [Jiyva's grace]
 13417 | Orc:2    | Killed an orc high priest
 13418 | Orc:2    | Reached XP level 13. HP: 56/68 MP: 21/21
 13429 | Orc:2    | Found Eschemuarph's General Store.
 13429 | Orc:2    | Found Niownif's Magic Scroll Shop.
 13431 | Orc:2    | Found Dophedoz's General Store.
 13431 | Orc:2    | Found Hoifuesse's Jewellery Shop.
 13437 | Orc:2    | Bought a potion of curing for 39 gold pieces
 13437 | Orc:2    | Bought a scroll of identify for 26 gold pieces
 13442 | Orc:2    | Bought a scroll of identify for 24 gold pieces
 13442 | Orc:2    | Bought a scroll of identify for 24 gold pieces
 13442 | Orc:2    | Bought a scroll of identify for 24 gold pieces
 13442 | Orc:2    | Bought a scroll of noise for 12 gold pieces
 13484 | Orc:2    | Found a staircase to the Elven Halls.
 13874 | D:12     | Reached skill level 5 in Spellcasting
 14040 | D:12     | Reached skill level 1 in Earth Magic
 14197 | D:13     | Reached **** piety under Jiyva
 15097 | Orc:2    | Bought the ring of the Mutiny {Contam rPois rF+ rN++ Int+6}
                  | for 650 gold pieces
 15239 | Snake:1  | Entered Level 1 of the Snake Pit
 15345 | Snake:1  | Reached ***** piety under Jiyva
 15345 | Snake:1  | Gained mutation: You expend magic power (3 MP) to
                  | strengthen your wands. [Jiyva's grace]
 15345 | Snake:1  | Gained mutation: You are strong-willed. (Will+) [Jiyva's
                  | grace]
 15345 | Snake:1  | Gained mutation: You are highly strong-willed. (Will++)
                  | [Jiyva's grace]
 15345 | Snake:1  | Gained mutation: You are extremely strong-willed. (Will+++)
                  | [Jiyva's grace]
 15885 | Snake:1  | Reached skill level 15 in Stealth
 16591 | Snake:2  | Reached skill level 10 in Evocations
 16889 | Snake:2  | Reached XP level 14. HP: 75/75 MP: 18/23
 17114 | Snake:2  | Identified the +6 falchion "Spiderbane" {holy, rPois rCorr}
 17131 | Snake:2  | Lost mutation: You are mostly covered in iridescent scales.
                  | (AC +4) [Jiyva's grace]
 17131 | Snake:2  | Lost mutation: You are very agile. (Dex +8, Str/Int -2)
                  | [Jiyva's grace]
 17131 | Snake:2  | Lost mutation: You are extremely strong-willed. (Will+++)
                  | [Jiyva's grace]
 17131 | Snake:2  | Gained mutation: You have acidic saliva. [Jiyva's grace]
 17131 | Snake:2  | Gained mutation: You are somewhat resistant to further
                  | mutation. [Jiyva's grace]
 17131 | Snake:2  | Gained mutation: You are somewhat resistant to both further
                  | mutation and mutation removal. [Jiyva's grace]
 17131 | Snake:2  | Gained mutation: You are almost entirely resistant to
                  | further mutation and mutation removal. [Jiyva's grace]
 17154 | Snake:2  | Reached ****** piety under Jiyva
 17427 | Snake:3  | Found Boatic's Distillery.
 17435 | Snake:3  | Bought a potion of heal wounds for 70 gold pieces
 17435 | Snake:3  | Bought a potion of haste for 140 gold pieces
 17435 | Snake:3  | Bought a potion of invisibility for 112 gold pieces
 17435 | Snake:3  | Bought a potion of invisibility for 112 gold pieces
 17602 | Snake:3  | Noticed Agnes
 17941 | Slime:1  | Entered Level 1 of the Pits of Slime
 17941 | Slime:1  | Noticed an acid blob
 17941 | Slime:1  | Noticed an acid blob
 17941 | Slime:1  | Noticed an acid blob
 17941 | Slime:1  | Noticed an acid blob
 17943 | Slime:1  | Noticed a rockslime
 17951 | Slime:2  | Noticed an acid blob
 17951 | Slime:2  | Noticed an acid blob
 17951 | Slime:2  | Noticed an azure jelly
 17953 | Slime:2  | Noticed an azure jelly
 17955 | Slime:2  | Noticed an acid blob
 17960 | Slime:3  | Noticed an acid blob
 17960 | Slime:3  | Noticed a rockslime
 17975 | Slime:5  | Entered Level 5 of the Pits of Slime
 17975 | Slime:5  | Noticed a rockslime
 17978 | Slime:5  | Noticed an acid blob
 17987 | Slime:5  | Noticed a quicksilver ooze
 17988 | Slime:5  | Found a viscous altar of Jiyva.
 17988 | Slime:5  | Noticed an acid blob
 17989 | Slime:5  | Noticed an azure jelly
 17991 | Slime:5  | Noticed an acid blob
 18001 | Slime:5  | Noticed an acid blob
 18002 | Slime:5  | Noticed the Royal Jelly
 18004 | Slime:5  | Noticed an acid blob
 18004 | Slime:5  | Noticed an acid blob
 18005 | Slime:5  | Noticed an acid blob
 18010 | Slime:5  | Got the Guidebook on the Unfortunate Catacomb
 18011 | Slime:5  | Noticed an azure jelly
 18011 | Slime:5  | Identified the +5 morningstar of a Thousand Visionaries
                  | {distort, rC+ Stlth+}
 18013 | Slime:5  | Noticed an acid blob
 18029 | Slime:5  | Got a slimy rune of Zot
 18030 | Slime:5  | Identified the -2 cloak of the Turtle {Int+5}
 18037 | Slime:5  | Identified the staff of earth "Wovvitis" {rC+ Dex+2}
 18052 | Slime:5  | Noticed an acid blob
 18076 | Slime:4  | Noticed an acid blob
 18091 | Slime:2  | Noticed an acid blob
 18238 | Shoals:1 | Entered Level 1 of the Shoals
 18246 | Shoals:1 | Reached skill level 16 in Stealth
 18427 | Shoals:1 | Reached skill level 10 in Fighting
 18451 | Shoals:1 | Killed from afar by a water nymph

Illustrated notes

Levels and vault maps discovered:
D:1:      lightli_iron_boxes, layout_loops_corners, nrook_loot_triangle
D:2:      layout_loops_cross, palyth_stone_intersect, minmay_octomino_c4
D:3:      layout_basic, fedhas_altar_1, mainiacjoe_overflow_alcove_2,
          uniq_terence
D:4:      layout_rooms, mainiacjoe_overflow_alcove_4,
          nemelex_spade_bored_becter, overflow_temple_1_default,
          minmay_temple_entry_mist, serial_shops, shop
D:5:      layout_rooms, mainiacjoe_overflow_large_starburst, uniq_grinder
D:6:      layout_cave_pools, eino_curves_03, uniq_prince_ribbit1, uniq_duvessa,
          uniq_blork_the_orc
D:7:      layout_basic, overflow_temple_1_default,
          ebering_ghost_reflecting_pool, serial_demonic, serial_demonic_g,
          serial_demonic_g, serial_demonic_a, serial_demonic_g
D:8:      layout_basic, cheibrodos_ashenzari_chains, serial_curves,
          eino_curves_03, eino_curves_02, enter_bailey_5, uniq_gastronok,
          uniq_pikel
D:9:      layout_gridville, bloody_makhleb, lair_entry_dummy,
          nicolae_elevator_lobby_asterisk
D:10:     layout_basic, dk_yredelemnul_ordeal, serial_shops, nicolae_shop_trees
D:11:     layout_layer_cave, roderic_batcave, nicolae_sif_muna_condensation,
          uniq_snorg
D:12:     layout_basic
D:13:     layout_roguey, kennysheep_doodads
D:14:     layout_cave_pools, grunt_vaults_entry_tiered, kennysheep_boxes,
          hellmonk_ghost_happy_afterlife
Temple:   hellmonk_temple_divided_pantheon
Lair:1:   layout_layer_cave, serial_bayou_pond_e, lemuel_fruit_fields,
          grunt_megastairs_1, infiniplex_staircase_pool
Lair:2:   layout_regular_city, nicolae_shoals_entry_roost,
          nicolae_snake_entry_squirm, ldierk_geyser,
          chequers_serial_rivers_micro_a, grunt_megastairs_2
Lair:3:   layout_cave_pods, evilmike_ambush [evilmike_ambush_outer_basic,
          evilmike_ambush_inner_wall_1], lemuel_fruit_fields, uniq_urug
Lair:4:   layout_concentric_octagons, slime_entry_2, beast_lair_carwin_5,
          serial_bayou_shore_a
Lair:5:   evil_forest, layout_long_grid
Shoals:1: layout_shoals, uniq_donald
Snake:1:  layout_layer_cave
Snake:2:  layout_honeycomb, nicolae_snake_springs, lemuel_fruit_tree
Snake:3:  layout_rooms, minmay_shop_star, uniq_agnes
Slime:1:  layout_caves
Slime:2:  layout_caves
Slime:3:  layout_caves
Slime:4:  layout_caves
Slime:5
Orc:1:    minmay_goldmine, layout_caves, hangedman_feature_mirror
Orc:2:    grunt_orc_tribal_feast, layout_caves

Skill      XL: |  1  2  3  4  5  6  7  8  9 10 11 12 13 14 |
---------------+-------------------------------------------+-----
Dodging        | 3 4 5 6 7 8 10 11 12 13 | 13.0
Short Blades   | 2 3 4 5 6 8 9 10 11 | 11.1
Spellcasting   | 3 4 5 6 |  6.0
Stealth        | 5 7 9 10 12 13 14 15 16 | 16.2
Hexes          | 4 6 7 8 9 10 11 | 11.4
Fighting       | 1 2 3 4 6 7 9 10 | 10.0
Evocations     | 3 5 8 9 10 11 | 11.1
Shields        | 3 4 |  4.8
Transmutations | 3 |  3.3
Earth Magic    | 1 |  1.1

Action                     |  1- 3 |  4- 6 |  7- 9 | 10-12 | 13-15 || total
---------------------------+-------+-------+-------+-------+-------++-------
  Melee: Dagger            |    52 |    48 |   232 |   347 |   234 ||   913
         Punch             |     1 |       |     3 |     2 |       ||     6
         Bite              |       |       |       |       |     3 ||     3
   Fire: Arbalest          |       |       |     2 |     4 |       ||     6
  Throw: Dart              |       |       |     1 |       |       ||     1
   Cast: Ensorcelled Hiber |    16 |    15 |    45 |   101 |    64 ||   241
         Confusing Touch   |       |     4 |    32 |    37 |    34 ||   107
         Slow              |       |       |     1 |     1 |       ||     2
         Tukima's Dance    |       |       |       |     4 |     1 ||     5
         Dazzling Flash    |       |       |       |     1 |     2 ||     3
         Passwall          |       |       |       |     1 |     1 ||     2
  Evoke: Wand              |       |       |     9 |    19 |     4 ||    32
    Use: Potion            |       |     2 |     1 |     1 |     1 ||     5
         Scroll            |       |       |     8 |     4 |     6 ||    18
   Stab: Sleeping          |    25 |     9 |    24 |    80 |    44 ||   182
         Distracted        |     1 |       |     1 |     2 |     2 ||     6
         Invisible         |       |     3 |     1 |    10 |     3 ||    17
         Confused          |       |     1 |    22 |    28 |    33 ||    84
         Paralysed         |       |       |       |     1 |     2 ||     3
 Armour: Robe              |     1 |     3 |    13 |     7 |     8 ||    32
  Dodge: Dodged            |    22 |    53 |   129 |   230 |   187 ||   621
         Repelled          |       |       |       |     1 |     3 ||     4
  Block: Buckler           |       |       |       |    30 |    63 ||    93
